 Dungeon Crawl Stone Soup version 0.16-a0-3246-g12054e0 (webtiles) character file.

32955 PolkaDot the Covert (level 13, -4/103 HPs)
             Began as a Vampire Summoner on Dec 22, 2014.
             Was a Priest of Sif Muna.
             Slain by a torpor snail (14 damage)
             ... on level 8 of the Lair of Beasts.
             The game lasted 01:29:18 (22224 turns).

PolkaDot the Covert (Vampire Summoner)             Turns: 22224, Time: 01:29:18

Health: -4/103     AC:  9    Str:  7      XL:     13   Next: 34%
Magic:  4/33       EV: 16    Int: 15 (21) God:    Sif Muna [***...]
Gold:   1425       SH:  5    Dex: 16      Spells: 4 memorised, 3 levels left

rFire  + . .     SeeInvis +     l - +3 dagger (distort)
rCold  + + +     Clarity  +     p - +3 leather armour {rF+}
rNeg   + + +     SustAb   .     P - +0 buckler
rPois  +         Gourm    .     (no helmet)
rElec  .         Spirit   .     (no cloak)
rCorr  .         Warding  +     f - +2 pair of gloves
rMut   .         Stasis   .     (no boots)
MR     +....                    m - amulet of warding
Stlth  ++++......               H - ring "Muceol" {Wiz rC+ Dex+2 Stlth--}
                                q - ring of magical power

@: regenerating slowly, slowed, very slow, somewhat resistant to hostile
enchantments, stealthy
A: bottle blood, fangs 3, see invisible, clarity, unbreathing
a: Bat Form, Channel Energy, Forget Spell, Renounce Religion


You were on level 8 of the Lair of Beasts.
You worshipped Sif Muna.
Sif Muna was most pleased with you.
You were near bloodless.

You visited 3 branches of the dungeon, and saw 19 of its levels.

You collected 1425 gold pieces.

Inventory:

Hand weapons
 c - a +2 scimitar of protection
 l - a +3 dagger of distortion (weapon)
 Q - a +3 lajatang
Missiles
 I - a throwing net (quivered)
Armour
 f - a +2 pair of gloves (worn)
 p - a +3 leather armour of fire resistance (worn)
 P - a +0 buckler (worn)
Magical staves
 i - a cursed staff of poison {unknown}
 B - an uncursed staff of earth {unknown}
Jewellery
 m - an amulet of warding (around neck)
 q - a ring of magical power (left hand)
 H - the ring "Muceol" (right hand) {Wiz rC+ Dex+2 Stlth--}
   (You found it on level 1 of the Lair of Beasts)

   [ring of wizardry]

   It improves your spell success rate.
   It affects your dexterity (+2).
   It protects you from cold.
   It makes you much less stealthy.
Magical devices
 a - a wand of confusion (7)
 y - a wand of digging (9)
 z - a wand of hasting (9)
 A - a wand of invisibility (0)
 E - a wand of random effects (20)
 G - a wand of digging (14)
 L - a wand of random effects (34)
 N - a wand of heal wounds (1)
Scrolls
 d - 2 scrolls of amnesia
 h - 8 scrolls of remove curse
 j - a scroll of fear
 n - 3 scrolls of blinking
 r - 8 scrolls of teleportation
 s - a scroll of enchant armour
 x - a scroll of immolation
 M - a scroll of fog
Potions
 e - 14 potions of blood {@*1}
 g - 3 potions of restore abilities
 k - 5 potions of resistance
 o - 2 potions of brilliance
 u - a potion of agility
 v - a potion of might
 w - 2 potions of haste
 C - 2 potions of curing
 J - a potion of invisibility
 K - a potion of magic
 O - a potion of cure mutation {!q}
Books
 b - a book of Callings

   Spells                             Type                      Level
   a - Summon Small Mammal            Summoning                    1
   b - Call Imp                       Summoning                    2
   c - Call Canine Familiar           Summoning                    3
   d - Summon Guardian Golem          Hexes/Summoning              4
   e - Summon Lightning Spire         Summoning/Air                4
   f - Summon Ice Beast               Ice/Summoning                4
 t - a Necronomicon {highlevel, unknown}

   This book is beyond your current level of understanding.

   Spells                             Type                      Level
   a - Haunt                          Necromancy/Summoning         7
   b - Borgnjor's Revivification      Necromancy                   8
   c - Death's Door                   Charms/Necromancy            8
   d - Necromutation                  Transmutation/Necromancy     8
 D - the Papyrus of the Manifold Nights
   (You found it on level 1 of the Lair of Beasts)

   Spells                             Type                      Level
   a - Throw Flame                    Conjuration/Fire             2
   b - Bolt of Draining               Conjuration/Necromancy       5
   c - Bolt of Fire                   Conjuration/Fire             6
   d - Ring of Flames                 Charms/Fire                  7
 F - a book of Dreams

   Spells                             Type                      Level
   a - Ensorcelled Hibernation        Hexes/Ice                    2
   b - Flight                         Charms/Air                   3
   c - Phase Shift                    Translocation                5
   d - Shadow Creatures               Summoning                    5
   e - Mass Confusion                 Hexes                        6
   f - Darkness                       Hexes                        7


   Skills:
 - Level 10.0 Fighting
 - Level 10.4 Short Blades
 * Level 8.1 Dodging
 - Level 10.4 Stealth
 - Level 5.0 Shields
 - Level 2.0 Spellcasting
 - Level 5.1 Hexes
 + Level 9.9 Summonings
 - Level 5.4 Ice Magic
 - Level 4.0 Invocations
 + Level 7.8 Evocations


You had 3 spell levels left.
You knew the following spells:

 Your Spells              Type           Power        Failure   Level  Hunger
d - Call Canine Familiar  Summ           ####....     1%          3    ###....
g - Summon Guardian Gole  Hex/Summ       ###.....     4%          4    #####..
i - Summon Ice Beast      Ice/Summ       ###.....     4%          4    #####..
s - Call Imp              Summ           ####....     1%          2    ###....


Dungeon Overview and Level Annotations

Branches:
Dungeon (10/15)            Temple (1/1) D:4            Lair (8/8) D:9
 Shoals (0/5) Lair:6        Snake (0/5) Lair:5
  Slime: Lair:6-8       Orc: D:9-12

Altars:
Ashenzari
Cheibriados
Dithmenos
Elyvilon
Fedhas
Gozag
Kikubaaqudgha
Makhleb
Nemelex Xobeh
Okawaru
Qazlal
Ru
Sif Muna
Trog
Vehumet
Xom
Yredelemnul
Zin
The Shining One

Shops:
D:4 *

Annotations:
D:1 runed door
Lair:1 exclusions: oklob plant and orange crystal statue
Lair:8 runed door, Nergalle


Innate Abilities, Weirdness & Mutations

You heal slowly.
You can bottle blood from corpses.
You have razor-sharp teeth.
You have supernaturally acute eyesight.
You can survive without breathing.
You possess an exceptional clarity of mind.


Message History

* * * LOW MAGIC WARNING * * *
Your ice beast is no longer moving slowly. x3
Your ice beast hits the torpor snail.
Your ice beast freezes the torpor snail!
Your ice beast hits the torpor snail.
Your ice beast freezes the torpor snail!
Your ice beast is no longer moving slowly. x2
Your hound is no longer moving slowly.
Your ice beast is no longer moving slowly.
Your ice beast hits the torpor snail.
Your ice beast freezes the torpor snail!
Your ice beast barely misses the torpor snail.
You hit the torpor snail but do no damage.
The torpor snail looks slightly unstable.
The torpor snail is almost dead.
Your ice beast is no longer moving slowly. x2
Your hound is no longer moving slowly.
Your ice beast is no longer moving slowly.
The torpor snail bites you!
You die...

#### ######... ##..##
####### #..#P..
##..$.# #.....##
###PP.. .(...##
##...†..# #(P....
##..... #.......#
#.....# #..P.#
#.Y...(## ##...#.
#.P†# ##P..PPP#
##.P#..# #P.###
####..P### #..#####
##...## #.#@h.##
#...# #
##...####YwY#.#
##..## #
##.†....PY####
##..### ###...†.†####
#...## ###.P..†#.#
##.8.# #.##....######
###.[. ## ###....##.#
#.##†.
#..#....######...#
#P....###†.†.#.#....#


You could see a torpor snail, 3 friendly ice beasts and a friendly hound.

Vanquished Creatures
  Harold (Lair:1)
  2 hydras
  4 death yaks (Lair:7)
  An elephant (Lair:4)
  A siren (Lair:6)
  3 torpor snails (Lair:8)
  7 spiny frogs
  A black mamba (Lair:2)
  2 komodo dragons
  A wandering mushroom (D:9)
  2 fire drakes
  2 basilisks
  7 blink frogs
  A wyvern (Lair:7)
  3 hippogriffs
  A hungry ghost (D:7)
  20 yaks
  12 wolves
  7 porcupines
  12 water moccasins
  A phantom (D:5)
  An orc warrior (D:10)
  A sky beast (D:8)
  A black bear (D:8)
  2 ice beasts
  4 ogres
  9 crocodiles
  3 centaurs
  A brain worm (Lair:8)
  12 giant frogs
  A scorpion (D:5)
  2 electric eels
  11 killer bees
  A centaur zombie (D:6)
  3 crimson imps (D:9)
  2 goliath beetles
  4 wights (D:6)
  6 hounds
  2 giant frog skeletons
  9 orc priests
  10 orc wizards
  8 iguanas
  2 worker ants
  6 sheep (Lair:6)
  A hound zombie (D:8)
  9 gnolls
  16 river rats
  18 adders
  6 worms
  An adder skeleton (D:9)
  An adder zombie (D:6)
  12 giant geckos
  An ooze (D:4)
  35 orcs
  4 giant cockroaches
  13 goblins
  6 hobgoblins
  12 kobolds
  9 quokkas
  2 ball pythons
  13 bats
  3 giant newts
  4 jackals
  15 rats
  A bush (Lair:1)
  2 plants
376 creatures vanquished.

Vanquished Creatures (collateral kills)
  Snorg (Lair:3)
  An ice dragon (Lair:8)
  2 hydras
  An elephant (Lair:4)
  2 black mambas
  A torpor snail (Lair:8)
  A spiny frog (Lair:4)
  A komodo dragon (Lair:3)
  19 blink frogs
  A giant leech (Lair:8)
  A boulder beetle (Lair:4)
  5 yaks
  5 wolves
  The ghost of Chiseanne the Magician, an average DsWz (D:3)
  A hippogriff (Lair:3)
  4 water moccasins
  An orc warrior (D:6)
  A porcupine (Lair:7)
  A black bear (Lair:2)
  2 ice beasts
  A wandering mushroom (D:9)
  A necrophage (D:8)
  2 brain worms (Lair:8)
  2 electric eels (Lair:1)
  A wight (D:6)
  A crimson imp (D:5)
  2 hounds
  4 sheep (Lair:6)
  4 adders
  13 river rats
  A white imp (Lair:4)
  6 worms (Lair:8)
  A giant gecko (D:7)
  2 orcs (D:4)
  3 hobgoblins
  A kobold (D:2)
  3 quokkas (D:5)
  A bat (D:1)
  A giant cockroach (D:1)
  A rat (D:5)
  3 spectral orcs (Lair:8)
106 creatures vanquished.

Vanquished Creatures (others)
  A hydra (Lair:7)
  2 griffons
  An elephant (Lair:4)
  A black mamba (Lair:5)
  A spiny frog (Lair:2)
  A torpor snail (Lair:7)
  A fire drake (Lair:6)
  A wandering mushroom (D:9)
  2 komodo dragons
  A boulder beetle (Lair:8)
  10 yaks
  3 hippogriffs
  9 wolves
  An orc warrior (D:10)
  13 guardian golems
  30 ice beasts
  2 ogres (D:4)
  A crocodile (Lair:3)
  A giant frog (Lair:1)
  2 scorpions
  A killer bee (D:8)
  8 crimson imps
  A giant frog skeleton (D:5)
  An orc priest (D:5)
  21 hounds
  2 orc wizards
  An iron imp (Lair:1)
  A worker ant (D:7)
  3 sheep (Lair:6)
  5 river rats
  5 shadow imps
  7 white imps
  A worm (Lair:8)
  An adder skeleton (D:5)
  An ooze (D:3)
  An orc (D:9)
  2 bats
  A hobgoblin (D:10)
  2 quokkas
  A giant gecko zombie (D:8)
  2 kobolds
  3 rats
  11 fungi
  A plant (Lair:7)
167 creatures vanquished.

Grand Total: 649 creatures vanquished

Notes
Turn   | Place    | Note
--------------------------------------------------------------
     0 | D:1      | PolkaDot, the Vampire Summoner, began the quest for the Orb.
     0 | D:1      | Reached XP level 1. HP: 13/13 MP: 3/3
     1 | D:1      | Found a runed door.
   264 | D:1      | Reached skill level 1 in Fighting
   388 | D:1      | Reached XP level 2. HP: 14/21 MP: 0/4
   972 | D:1      | Learned a level 2 spell: Call Imp
  1029 | D:2      | HP: 1/23 [kobold/short sword (4)]
  1038 | D:2      | Gained mutation: You possess an exceptional clarity of mind. [potion of mutation]
  1038 | D:2      | Gained mutation: Your spells are a little harder to cast, but a little more powerful. [potion of mutation]
  1038 | D:2      | Lost mutation: Your spells are a little harder to cast, but a little more powerful. [potion of mutation]
  1053 | D:2      | Reached XP level 3. HP: 7/28 MP: 1/6
  1992 | D:3      | Reached XP level 4. HP: 31/35 MP: 7/7
  2142 | D:3      | Noticed Chiseanne's ghost (average DsWz)
  2148 | D:3      | Learned a level 3 spell: Call Canine Familiar
  2157 | D:3      | Killed Chiseanne's ghost
  2157 | D:3      | Reached XP level 5. HP: 21/42 MP: 1/9
  2508 | D:3      | HP: 2/43 [orc wizard/dagger (3)]
  2745 | D:3      | Reached XP level 6. HP: 43/49 MP: 10/10
  2901 | D:4      | Found Gept's Assorted Antiques.
  2998 | D:4      | Found a staircase to the Ecumenical Temple.
  3007 | Temple   | Entered the Ecumenical Temple
  3308 | D:4      | Reached skill level 5 in Fighting
  3393 | D:4      | Found a basalt altar of Yredelemnul.
  3393 | D:4      | Found an ancient bone altar of Kikubaaqudgha.
  3487 | D:4      | Got a pitted wooden ring
  3488 | D:4      | Identified the cursed ring of the Two Names {Fire Str-5 Int-1} (You found it on level 4 of the Dungeon)
  3710 | D:4      | Reached XP level 7. HP: 56/56 MP: 12/12
  3753 | D:5      | Entered Level 5 of the Dungeon
  3882 | D:5      | Found a staircase to the Ecumenical Temple.
  3913 | D:5      | Reached skill level 6 in Fighting
  3988 | D:5      | Found a bloodstained altar of Trog.
  3989 | D:5      | Found a sparkling altar of Nemelex Xobeh.
  4167 | D:5      | Reached XP level 8. HP: 52/65 MP: 13/13
  4211 | D:5      | Got a transparent halberd
  4567 | D:6      | Reached skill level 5 in Short Blades
  4644 | D:6      | Reached skill level 7 in Fighting
  5414 | D:6      | Reached skill level 5 in Stealth
  5939 | D:7      | Reached skill level 8 in Fighting
  5984 | D:7      | Reached XP level 9. HP: 74/74 MP: 14/14
  6182 | D:7      | Identified the +6 halberd "Ked Upob" {antimagic, rElec rC+} (You found it on level 5 of the Dungeon)
  6630 | D:7      | Found a glowing silver altar of Zin.
  6631 | D:7      | Noticed an angel
  6777 | D:8      | Found a stormy altar of Qazlal.
  6818 | D:8      | Reached skill level 9 in Fighting
  7989 | D:9      | Learned a level 4 spell: Summon Ice Beast
  8016 | D:9      | Found a staircase to the Lair.
  8022 | D:9      | Reached XP level 10. HP: 60/84 MP: 11/16
  8226 | D:9      | Found a deep blue altar of Sif Muna.
  8611 | D:9      | Reached skill level 10 in Fighting
  8734 | D:10     | Entered Level 10 of the Dungeon
  8764 | D:10     | Noticed a seven-headed hydra
  8772 | D:10     | Killed a seven-headed hydra
  8772 | D:10     | Reached skill level 5 in Dodging
  8772 | D:10     | Reached skill level 10 in Stealth
  9269 | D:10     | Found an iron altar of Okawaru.
  9373 | D:10     | Found a deep blue altar of Sif Muna.
  9402 | D:10     | Became a worshipper of Sif Muna the Loreminder
  9647 | Lair:1   | Entered Level 1 of the Lair of Beasts
  9656 | Lair:1   | Learned a level 4 spell: Summon Guardian Golem
  9673 | Lair:1   | Reached skill level 1 in Ice Magic
  9801 | Lair:1   | Noticed an oklob plant
 10086 | Lair:1   | Found a shimmering altar of Xom.
 10233 | Lair:1   | Identified the Papyrus of the Manifold Nights
 10242 | Lair:1   | Reached skill level 5 in Summonings
 10246 | Lair:1   | Reached XP level 11. HP: 88/90 MP: 17/17
 10257 | Lair:1   | Acquired Sif Muna's first power
 10349 | Lair:1   | Reached skill level 10 in Short Blades
 10911 | Lair:1   | Got a twitching iron ring
 10944 | Lair:1   | Identified the ring "Muceol" {Wiz rC+ Dex+2 Stlth--} (You found it on level 1 of the Lair of Beasts)
 11104 | Lair:1   | Noticed Harold
 11112 | Lair:1   | Killed Harold
 12056 | Lair:2   | Reached skill level 1 in Evocations
 12217 | Lair:2   | Reached skill level 5 in Ice Magic
 12257 | Lair:2   | Acquired Sif Muna's second power
 12804 | Lair:2   | Reached skill level 1 in Hexes
 13263 | Lair:2   | HP: 4/90 [black mamba (4)]
 14001 | Lair:2   | Reached skill level 5 in Hexes
 14040 | Lair:2   | Manifold "Nights" is an interesting name for abook with mostly fire
 14345 | Lair:3   | Noticed Snorg
 14482 | Lair:3   | Killed Snorg
 14556 | Lair:3   | Reached XP level 12. HP: 52/97 MP: 19/19
 14960 | Lair:3   | Reached skill level 1 in Invocations
 15102 | Lair:3   | Noticed a seven-headed hydra
 15114 | Lair:3   | Killed a seven-headed hydra
 15490 | Lair:3   | Reached skill level 5 in Evocations
 16112 | Lair:4   | Got a crude leather armour
 16123 | Lair:4   | Identified the cursed +2 leather armour of Laycat {Str+3 Dex-4} (You found it on level 4 of the Lair of Beasts)
 18046 | Lair:5   | Reached skill level 1 in Shields
 18387 | Lair:5   | Found a staircase to the Snake Pit.
 19509 | Lair:6   | Found a staircase to the Shoals.
 19628 | Lair:6   | Noticed a four-headed hydra
 19642 | Lair:6   | Killed a four-headed hydra
 20127 | Lair:7   | Noticed an eight-headed hydra
 20143 | Lair:7   | Killed an eight-headed hydra
 20556 | Lair:7   | Reached skill level 5 in Shields
 20556 | Lair:7   | Reached XP level 13. HP: 103/103 MP: 23/23
 20902 | Lair:7   | Noticed a six-headed hydra
 20960 | Lair:7   | Killed a six-headed hydra
 21385 | Lair:8   | Entered Level 8 of the Lair of Beasts
 21613 | Lair:8   | Noticed Nergalle
 21884 | Lair:8   | Found a runed door.
 22224 | Lair:8   | Slain by a torpor snail

Action                   |  1- 3 |  4- 6 |  7- 9 | 10-12 | 13-15 || total
-------------------------+-------+-------+-------+-------+-------++-------
Melee: Dagger            |   184 |   126 |   465 |   953 |   178 ||  1906
       Unarmed           |    12 |       |       |       |       ||    12
       Club              |     5 |       |       |       |       ||     5
 Cast: Summon Small Mamm |    16 |       |       |       |       ||    16
       Call Imp          |     5 |     4 |    23 |    32 |     3 ||    67
       Call Canine Famil |       |     4 |    17 |    36 |     8 ||    65
       Summon Ice Beast  |       |       |       |   125 |    37 ||   162
       Summon Guardian G |       |       |       |    18 |    11 ||    29
Invok: Channel Energy    |       |       |       |   110 |    46 ||   156
 Abil: End Transformatio |       |       |       |     2 |       ||     2
       Bat Form          |       |       |       |     2 |       ||     2
Evoke: Wand              |       |       |       |     6 |       ||     6
  Use: Potion            |    10 |    18 |    35 |    72 |     5 ||   140
       Scroll            |       |     2 |    11 |    19 |     5 ||    37
 Stab: Sleeping          |     5 |     6 |    16 |    32 |    15 ||    74
       Distracted        |     1 |       |     3 |    10 |     3 ||    17
       Confused          |       |       |       |     1 |       ||     1
       Invisible         |       |       |       |       |     1 ||     1
  Eat: Corpse            |     8 |       |       |    12 |       ||    20
